 Dungeon Crawl Stone Soup version 0.31.0-32-g396128a36d (webtiles) character file.

Game seed: 7278382917741260282

67 Tauromancer the Sneak (level 4, -2/27 HPs)
             Began as an Octopode Fire Elementalist on Mar 12, 2024.
             Slain by a cerulean imp
             ... wielding a +2 spear
             ... summoned by Natasha
              (3 damage)
             ... on level 2 of the Dungeon.
             The game lasted 00:06:33 (1146 turns).

Tauromancer the Sneak (Octopode Fire Elementalist)  Turns: 1146, Time: 00:06:33

Health: -2/27      AC:  1    Str:  7    XL:     4   Next: 16%
Magic:  3/7        EV: 13    Int: 19    God:
Gold:   45         SH:  0    Dex: 12    Spells: 4/7 levels left

rFire   . . .        e - +2 whip (pain)
rCold   . . .        (no shield)
rNeg    . . .        (helmet restricted)
rPois   .            (no amulet)
rElec   .            (no ring)
rCorr   .            (no ring)
SInv    .            (no ring)
Will    .....        (no ring)
Stlth   +++          (no ring)
HPRegen 0.24/turn    (no ring)
MPRegen 0.10/turn    (no ring)
                     (no ring)

%: no passive effects
@: no status effects
A: almost no armour, amphibious, 8 rings, camouflage 1, gelatinous body 1,
(nimble swimmer 1), tentacles
a: no special abilities


You were on level 2 of the Dungeon.
You visited 1 branch of the dungeon, and saw 2 of its levels.

You collected 45 gold pieces.

Inventory:

Hand Weapons
 e - a +2 whip of pain (weapon)
Scrolls
 f - a scroll of silence {unknown}
Potions
 a - a potion of magic
 b - a potion of might
 c - a potion of curing
 d - a potion of cancellation {unknown}


   Skills:
 + Level 2.5 Dodging
 + Level 3.7 Stealth
 + Level 2.4 Spellcasting
 + Level 1.8 Conjurations
 + Level 3.4 Fire Magic


You had 4 spell levels left.
You knew the following spells:

 Your Spells              Type           Power      Damage    Failure   Level
a - Foxfire               Conj/Fire      48%        2x1d6     5%          1
b - Scorch                Fire           30%        2d6       6%          2

Your spell library contained the following spells:

 Spells                   Type           Power      Damage    Failure   Level
 Inner Flame              Hex/Fire       8%         N/A       24%         3
 Volatile Blastmotes      Fire/Tloc      16%        2d11      24%         3
 Flame Wave               Conj/Fire      12%        2d6       47%         4


Dungeon Overview and Level Annotations

Branches:
Dungeon (2/15)

Altars:

Annotations:
D:2 Natasha


Innate Abilities, Weirdness & Mutations

You cannot wear most types of armour.
You are amphibious.
You can wear up to eight rings at the same time.
Your skin changes colour to match your surroundings (Stealth+).
Your rubbery body absorbs attacks. (AC +1, EV +1)
((You are camouflaged when in or above water. (Stealth+)))
You have tentacles for arms and can constrict up to eight enemies at once.


Message History

Natasha is severely wounded.
Casting: Foxfire (safe; 5% risk of failure)
Press: ? - help, Q - select action, (/) - cycle Dir - look around, f - activate You conjure some foxfire!
The foxfire hits Natasha.
Natasha is severely wounded.
The foxfire hits Natasha.
Natasha is severely wounded.
Natasha claws you.
You barely miss Natasha. Your grab misses Natasha.
Natasha is severely wounded.
Natasha mumbles some strange words.
Your magical contamination has completely faded away.
You barely miss Natasha. Your grab misses Natasha. Your squeeze misses Natasha.
Natasha is severely wounded.
Natasha claws you. The cerulean imp completely misses you.
You closely miss Natasha. Your grab misses Natasha.
Your squeeze misses Natasha.
Natasha is severely wounded.
Natasha claws you!
The cerulean imp hits you with a +2 spear.
* * * LOW HITPOINT WARNING * * *
Casting: Foxfire (safe; 5% risk of failure)
Press: ? - help, Q - select action, (/) - cycle Dir - look around, f - activate You conjure some foxfire!
Natasha misses you.
The cerulean imp hits you with a +2 spear.
* * * LOW HITPOINT WARNING * * *
Okay, then.
The foxfire hits the cerulean imp.
The cerulean imp is moderately wounded.
The foxfire hits the cerulean imp.
The cerulean imp is moderately wounded.
The cerulean imp barely misses you. Natasha misses you.
Natasha stares at you and mumbles some strange words.
The magic dart hits you.
* * * LOW HITPOINT WARNING * * *
The cerulean imp attacks as it pursues you!
The cerulean imp hits you from afar with a +2 spear.
You die...

#.#.#. #.... #...# # #.#.#
#.# #...#...#
#############.......#
#...........h5........
#........#.#..ยง......#
#..........@.##......#
#......#.#.#...#......
#......#..........#'#.
######.............#.#.#...
#..........####.#.##.#.# #.
#..........# ....# #
#.)...###### ##.### '....)#
#.# #.....#


You could see Natasha and a cerulean imp (summoned).

Vanquished Creatures
  Natasha (D:2)
  A ribbon worm (D:2)
  2 ball pythons
  A bat (D:1)
  4 endoplasms
  3 giant cockroaches (D:1)
  6 goblins
  4 hobgoblins (D:1)
  4 jackals (D:1)
  4 kobolds (D:1)
  A quokka (D:1)
  A frilled lizard (D:1)
  2 rats (D:1)
34 creatures vanquished.

Vanquished Creatures (others)
  44 foxfires
44 creatures vanquished.

Grand Total: 78 creatures vanquished

Notes
Turn   | Place    | Note
-------+----------+-------------------------------------------
     0 | D:1      | Tauromancer the Octopode Fire Elementalist began the quest
                  | for the Orb.
     0 | D:1      | Reached XP level 1. HP: 11/11 MP: 3/3
   146 | D:1      | Reached XP level 2. HP: 17/17 MP: 0/5
   439 | D:1      | Learned a level 2 spell: Scorch
   486 | D:1      | Reached XP level 3. HP: 21/21 MP: 3/6
  1103 | D:2      | Noticed Natasha
  1108 | D:2      | Killed Natasha
  1109 | D:2      | Reached XP level 4. HP: 20/27 MP: 4/7
  1133 | D:2      | Noticed Natasha
  1146 | D:2      | HP: 1/27 [Natasha/magic dart (2)]
  1146 | D:2      | Slain by a cerulean imp

Illustrated notes

Levels and vault maps discovered:
D:1:      shiori_arrival_elements, layout_loops_ring, serial_bayou_pond_a,
          serial_park_tiny_1
D:2:      minmay_wonky_spiral, layout_basic, kennysheep_jessica_study,
          uniq_natasha, uniq_jessica, uniq_sigmund

Skill      XL: |  1  2 |
---------------+-------+-----
Stealth        | 3 |  3.7
Dodging        | |  2.5
Spellcasting   | |  2.4
Conjurations   | |  1.8
Fire Magic     | |  3.4

Action                     |  1- 3 |  4- 6 || total
---------------------------+-------+-------++-------
  Melee: Unarmed           |    15 |       ||    15
         Tentacles         |    11 |       ||    11
         Constrict         |    11 |       ||    11
         Whip              |    31 |     3 ||    34
         Punch             |     1 |       ||     1
   Cast: Foxfire           |    24 |     4 ||    28
         Scorch            |     6 |       ||     6
    Use: Scroll            |     4 |       ||     4
         Potion            |     3 |       ||     3
   Stab: Sleeping          |     1 |       ||     1
 Armour: Skin              |    19 |     7 ||    26
  Dodge: Dodged            |    21 |     4 ||    25
